 Dungeon Crawl Stone Soup version 0.17-a0-913-g36eb389 (webtiles) character file.

49833 hornqvist the Severer (level 14, -1/93 HPs)
             Began as a Formicid Fighter on May 3, 2015.
             Was an Initiate of Gozag.
             Slain by a six-headed hydra (3 damage)
             ... on level 6 of the Lair of Beasts.
             The game lasted 00:38:03 (19407 turns).

hornqvist the Severer (Formicid Fighter)           Turns: 19407, Time: 00:38:03

Health: -1/93      AC: 22    Str: 34    XL:     14   Next: 94%
Magic:  14/14      EV:  2    Int:  7    God:    Gozag
Gold:   2871       SH:  0    Dex: 11    Spells: 3 memorised, 1 level left

rFire  . . .     SeeInvis +     n - +5 executioner's axe (drain)
rCold  + . .     Clarity  .     J - +8 chain mail "Caess" {-Cast rC+ Str+6}
rNeg   + + +     SustAb   .     O - +8 large shield of Ru {rElec rN+ MR+ Int-2}
rPois  ∞         Gourm    .     (helmet unavailable)
rElec  +         Spirit   .     j - +0 cloak
rCorr  .         Warding  .     K - +1 pair of gloves
rMut   .         Stasis   +     R - +0 pair of boots
MR     ++...     NoCast   +     w - amulet of regeneration
Stlth  ..........               P - +3 ring of slaying
                                b - +4 ring of strength

@: lethally poisoned (-1 -> -1), petrified, very resistant to hostile
enchantments, extremely unstealthy
A: permanent stasis, dig shafts and tunnels, four strong arms, antennae 3
a: Dig, Shaft Self, Potion Petition, Call Merchant, Bribe Branch, Renounce
Religion


You were on level 6 of the Lair of Beasts.
You worshipped Gozag.
Gozag was noncommittal.
You were not hungry.

You visited 4 branches of the dungeon, and saw 23 of its levels.
You also visited: Labyrinth, Sewer and Bailey.

You collected 7829 gold pieces.
You spent 2678 gold pieces at shops.
You paid 2280 gold pieces to Gozag.

Inventory:

Hand weapons
 n - a +5 executioner's axe of draining (weapon)
 F - a +2 battleaxe of electrocution
 H - the +3 flail "Pedia" {freeze, rElec rPois}
   (You bought it in a shop on level 11 of the Dungeon)

   It has been specially enchanted to freeze those struck by it, causing extra
   injury to most foes and up to half again as much damage against particularly
   susceptible opponents.
   It can also slow down cold-blooded creatures.
   It insulates you from electricity.
   It protects you from poison.
Armour
 j - a +0 cloak (worn)
 J - the +8 chain mail "Caess" (worn) {-Cast rC+ Str+6}
   (You bought it in a shop on level 12 of the Dungeon)

   It affects your strength (+6).
   It protects you from cold.
   It prevents spellcasting.
 K - a +1 pair of gloves (worn)
 O - the +8 large shield of Ru (worn) {rElec rN+ MR+ Int-2}
   (You found it on level 2 of the Lair of Beasts)

   It affects your intelligence (-2).
   It insulates you from electricity.
   It protects you from negative energy.
   It affects your resistance to hostile enchantments.
 R - a +0 pair of boots (worn)
Jewellery
 b - a +4 ring of strength (left hand)
 f - an uncursed ring of protection from magic
 m - an uncursed amulet of resist corrosion
 o - an uncursed ring of magical power
 p - an uncursed amulet of guardian spirit
 t - an uncursed amulet of resist mutation
 w - an amulet of regeneration (around neck)
 N - an uncursed ring of positive energy
 P - a +3 ring of slaying (right hand)
 Q - an uncursed amulet of faith
 W - an uncursed ring of protection from fire
Scrolls
 a - a scroll of amnesia
 h - 3 scrolls of fear
 A - 2 scrolls of identify
 B - 4 scrolls of remove curse
 L - 4 scrolls of enchant armour
 M - 2 scrolls of recharging
 U - 4 scrolls of fog
Potions
 d - 2 potions of might
 g - 2 potions of ambrosia
 i - 9 potions of curing
 k - 7 potions of flight
 l - a potion of lignification
 r - 2 potions of heal wounds
 u - a potion of magic
 x - 2 potions of brilliance
 z - 3 potions of resistance
 C - 2 potions of mutation
 D - 3 potions of invisibility
 V - 2 potions of agility
Books
 c - a book of Callings

   Spells                             Type                      Level
   a - Summon Small Mammal            Summoning                    1
   b - Call Imp                       Summoning                    2
   c - Call Canine Familiar           Summoning                    3
   d - Summon Guardian Golem          Hexes/Summoning              3
   e - Summon Lightning Spire         Summoning/Air                4
   f - Summon Ice Beast               Ice/Summoning                4
 y - a book of Power

   Spells                             Type                      Level
   a - Fulminant Prism                Conjuration/Hexes            4
   b - Iskenderun's Mystic Blast      Conjuration                  4
   c - Venom Bolt                     Conjuration/Poison           5
   d - Bolt of Magma                  Conjuration/Fire/Earth       5
   e - Iron Shot                      Conjuration/Earth            6
   f - Orb of Destruction             Conjuration                  7
   g - Spellforged Servitor           Conjuration/Summoning        7
 S - a book of the Tempests

   Spells                             Type                      Level
   a - Static Discharge               Conjuration/Air              3
   b - Lightning Bolt                 Conjuration/Air              5
   c - Fireball                       Conjuration/Fire             5
   d - Tornado                        Air                          9
   e - Shatter                        Earth                        9
 T - a book of Control

   Spells                             Type                      Level
   a - Control Teleport               Charms/Translocation         4
   b - Control Undead                 Necromancy                   4
   c - Metabolic Englaciation         Hexes/Ice                    5
   d - Mass Confusion                 Hexes                        6
 X - a book of Geomancy

   Spells                             Type                      Level
   a - Sandblast                      Earth                        1
   b - Stoneskin                      Transmutation/Earth          2
   c - Passwall                       Transmutation/Earth          3
   d - Stone Arrow                    Conjuration/Earth            3
   e - Petrify                        Transmutation/Earth          4
   f - Lee's Rapid Deconstruction     Earth                        5
 Y - a book of Party Tricks

   Spells                             Type                      Level
   a - Summon Butterflies             Summoning                    1
   b - Apportation                    Translocation                1
   c - Tukima's Dance                 Hexes                        3
   d - Alistair's Intoxication        Transmutation/Poison         4
   e - Invisibility                   Hexes                        6
Comestibles
 e - 9 bread rations
 v - 7 meat rations
 I - 2 slices of pizza


   Skills:
 - Level 3.2 Fighting
 * Level 16.8 Axes
 + Level 5.6 Armour
 - Level 10.9 Dodging
 + Level 14.6 Shields


You had one spell level left.
You knew the following spells:

 Your Spells              Type           Power        Failure   Level  Hunger
a - Apportation           Tloc           #.........   99%         1    ##.....
b - Stoneskin             Trmt/Erth      #.......     100%        2    ###....
c - Shatter               Erth           #.........   100%        9    #######


Dungeon Overview and Level Annotations

Branches:
Dungeon (12/15)            Temple (1/1) D:4            Lair (6/8) D:10
 Shoals (0/4) Lair:6        Snake (0/4) Lair:3        Slime (0/6) Lair:6
    Orc (4/4) D:11            Elf (0/3) Orc:3

Altars:
Cheibriados
Elyvilon
Fedhas
Gozag
Nemelex Xobeh
Trog
Vehumet
Xom
Yredelemnul
The Shining One
Beogh

Shops:
D:6 (   D:11 **}=(   D:12 [   Orc:2 %[?   Vaults:1 [

Annotations:
Lair:6 exclusion: 5 oklob plants


Innate Abilities, Weirdness & Mutations

You are under a permanent stasis effect.
You can dig through walls and to a lower floor.
Your four strong arms can wield two-handed weapons with a shield.
You have a pair of large antennae on your head (SInv).


Message History

* * * LOW HITPOINT WARNING * * *
The spiny frog stings you!
* * * LOW HITPOINT WARNING * * *
The six-headed hydra bites you but does no damage. x6
The spiny frog stings you but does no damage.
The basilisk gazes at you. You resist with almost no effort.
The six-headed hydra bites you but does no damage. x6
The spiny frog stings you.
The six-headed hydra bites you but does no damage. x3
The six-headed hydra bites you.
* * * LOW HITPOINT WARNING * * *
The six-headed hydra bites you!
* * * LOW HITPOINT WARNING * * *
The six-headed hydra bites you but does no damage.
The spiny frog stings you but does no damage.
The spiny frog stings you but does no damage.
The six-headed hydra bites you.
You die...
Your body crumbles into a pile of gold.

### ..... ......
##...... #........
##.........
##..[.......
#.@F........
##D.........#
#P.l.......#
#####..........P
##.#............
####....[..........
##.#P...............
#........P.........
###......####.......


You could see a six-headed hydra, a spiny frog and a basilisk.

Vanquished Creatures
  Maud (D:11)
  A stone giant (Orc:3)
  Josephine (D:11)
  Fannar (Orc:1)
  5 hydras
  Urug (Lair:1)
  Sonja (Lair:4)
  An unseen horror (D:11)
  2 hill giants
  2 orc knights
  2 ugly things (D:12)
  Maurice (D:9)
  3 black mambas
  4 spiny frogs
  9 elephants (Lair:3)
  A torpor snail (Lair:5)
  The ghost of hornqvist the Shield-Bearer, an experienced FoFi (D:4)
  2 kobold demonologists
  3 komodo dragons
  A fire drake (Lair:5)
  A tengu conjurer (D:9)
  3 trolls
  3 two-headed ogres
  19 blink frogs
  2 deep elf magi (D:12)
  3 wraiths (D:11)
  2 wyverns
  10 hippogriffs
  A basilisk (Lair:3)
  47 yaks
  2 steam dragons
  7 hungry ghosts
  A warg (Orc:1)
  2 wolves (Lair:1)
  A soldier ant (D:12)
  A mottled dragon (D:12)
  10 porcupines
  2 nagas (Lair:3)
  23 orc warriors
  15 water moccasins
  4 black bears
  11 ogres
  7 ice beasts
  4 sky beasts
  7 centaurs
  9 crocodiles
  12 big kobolds
  11 giant frogs
  A scorpion (D:8)
  A wyvern skeleton (D:10)
  18 killer bees
  12 wights
  3 electric eels (Lair:2)
  7 crimson imps
  6 hounds
  17 orc priests
  3 centaur zombies
  3 giant frog skeletons
  A giant frog zombie (D:7)
  7 iguanas
  3 jellies
  A quasit (D:12)
  22 orc wizards
  8 worker ants
  7 sheep
  2 hound skeletons
  8 gnolls
  35 river rats
  20 adders
  5 shadow imps
  An adder zombie (D:5)
  2 worms (D:3)
  An adder skeleton (D:7)
  8 giant geckos
  163 orcs
  2 ball pythons (Sewer)
  3 bat skeletons
  A bat zombie (D:7)
  23 hobgoblins
  3 jackals (D:2)
  67 kobolds
  17 bats
  14 giant cockroaches
  A giant gecko skeleton (D:9)
  A giant gecko zombie (D:6)
  7 giant newts
  A giant spore (D:9)
  22 goblins
  5 quokkas
  A quokka skeleton (D:5)
  11 rats
  5 ballistomycetes
  10 bushes (Lair:5)
  8 fungi
  10 plants
840 creatures vanquished.

Vanquished Creatures (others)
  An ogre (D:4)
  A centaur (D:4)
  A hound (D:4)
  2 hobgoblins (D:4)
  A giant spore (D:11)
  2 fungi (Lair:5)
8 creatures vanquished.

Grand Total: 848 creatures vanquished

Notes
Turn   | Place    | Note
--------------------------------------------------------------
     0 | D:1      | hornqvist, the Formicid Fighter, began the quest for the Orb.
     0 | D:1      | Reached XP level 1. HP: 18/18 MP: 1/1
   512 | D:1      | Reached XP level 2. HP: 24/24 MP: 2/2
   891 | D:2      | Reached skill level 1 in Dodging
   897 | D:2      | Reached XP level 3. HP: 18/29 MP: 3/3
  1011 | D:2      | Reached skill level 4 in Shields
  1013 | D:2      | Reached XP level 4. HP: 32/35 MP: 4/4
  1652 | D:3      | Reached XP level 5. HP: 7/41 MP: 5/5
  2218 | D:4      | Killed a centaur
  2236 | D:4      | Killed an ogre
  2267 | D:4      | Found a staircase to the Ecumenical Temple.
  2405 | Temple   | Entered the Ecumenical Temple
  2423 | Temple   | Became a worshipper of Gozag Ym Sagoz the Greedy
  2606 | D:3      | Noticed a big kobold
  2625 | D:3      | Killed a big kobold
  2625 | D:3      | Reached XP level 6. HP: 47/47 MP: 6/6
  2726 | D:3      | Noticed a big kobold
  2745 | D:3      | Killed a big kobold
  2745 | D:3      | Reached skill level 5 in Shields
  2747 | D:3      | Noticed a big kobold
  2747 | D:3      | Noticed a big kobold
  2748 | D:3      | Noticed a big kobold
  2756 | D:3      | Killed a big kobold
  2756 | D:3      | Reached skill level 5 in Axes
  2770 | D:3      | Killed a big kobold
  2770 | D:3      | Reached XP level 7. HP: 48/52 MP: 7/7
  2774 | D:3      | Killed a big kobold
  2828 | D:3      | Noticed a big kobold
  2841 | D:3      | Killed a big kobold
  3224 | D:4      | Found a shimmering altar of Xom.
  3308 | D:4      | Noticed hornqvist's ghost (experienced FoFi)
  3318 | D:4      | Killed hornqvist's ghost
  3318 | D:4      | Reached skill level 6 in Axes
  3318 | D:4      | Reached XP level 8. HP: 43/58 MP: 8/8
  3581 | D:4      | Reached skill level 7 in Axes
  3713 | D:5      | Entered Level 5 of the Dungeon
  3816 | D:5      | Found a glowing drain.
  3839 | Sewer    | Entered a sewer
  4570 | D:5      | Reached XP level 9. HP: 48/64 MP: 9/9
  5195 | D:6      | Found Guirelif's Antique Weapon Shoppe.
  5199 | D:6      | Bought a glowing battleaxe for 149 gold pieces
  5313 | D:6      | Reached skill level 8 in Axes
  5440 | D:6      | Bought a glowing battleaxe for 149 gold pieces
  5663 | D:6      | Reached skill level 5 in Dodging
  5970 | D:6      | Found a white marble altar of Elyvilon.
  6228 | D:7      | Found a flagged portal.
  6240 | Bailey   | Entered a bailey
  6301 | Bailey   | Reached skill level 9 in Axes
  6384 | Bailey   | Reached XP level 10. HP: 18/70 MP: 10/10
  7419 | D:7      | Reached skill level 10 in Axes
  8805 | D:9      | Reached skill level 11 in Axes
  8838 | D:9      | Reached skill level 10 in Shields
  8838 | D:9      | Reached XP level 11. HP: 56/75 MP: 11/11
  9008 | D:9      | Noticed Maurice
  9033 | D:9      | Killed Maurice
  9333 | D:9      | Found a runed door.
  9339 | D:9      | Noticed a deep troll
  9346 | D:9      | You fall through a shaft for 2 floors!
  9406 | D:11     | Noticed Maud
  9428 | D:11     | Killed Maud
  9428 | D:11     | Reached skill level 12 in Axes
  9619 | D:11     | Noticed Josephine
  9634 | D:11     | Killed Josephine
  9647 | D:11     | Found Nishruqoxt's Weapon Shop.
  9737 | D:10     | Entered Level 10 of the Dungeon
  9890 | D:10     | Reached XP level 12. HP: 46/81 MP: 12/12
 10058 | D:10     | Reached skill level 13 in Axes
 10210 | D:10     | Found a staircase to the Lair.
 10570 | D:11     | Found Ytofoqaw's Jewellery Shop.
 10618 | D:11     | Found Gutremis's Gadget Boutique.
 10632 | D:11     | Found a roughly hewn altar of Beogh.
 10639 | D:11     | Found a staircase to the Orcish Mines.
 10741 | D:11     | Noticed an unseen horror
 10759 | D:11     | Killed an unseen horror
 10768 | D:11     | Found Sanior's Assorted Antiques.
 10791 | D:11     | Bought an ichor-stained flail for 263 gold pieces
 10791 | D:11     | Identified the cursed +3 flail "Pedia" {freeze, rElec rPois} (You bought it in a shop on level 11 of the Dungeon)
 10924 | D:11     | Noticed a hill giant
 10928 | D:11     | Killed a hill giant
 10947 | D:11     | Found Kohugai's General Store.
 10959 | D:11     | Bought a scroll of enchant armour for 75 gold pieces
 11269 | Orc:1    | Entered Level 1 of the Orcish Mines
 11269 | Orc:1    | Noticed Fannar
 11318 | Orc:1    | Killed Fannar
 11747 | Orc:2    | Found Cirghoch's Armour Boutique.
 11787 | Orc:2    | Found Lomnozag's Magic Scroll Shoppe.
 12016 | Orc:2    | Found Fuden's Food Shoppe.
 12043 | Orc:2    | Bought a meat ration for 70 gold pieces
 12043 | Orc:2    | Bought a bread ration for 70 gold pieces
 12043 | Orc:2    | Bought a bread ration for 70 gold pieces
 12206 | Orc:3    | Found a roughly hewn altar of Beogh.
 12378 | Orc:3    | Found a staircase to the Elven Halls.
 12384 | Orc:3    | Noticed a stone giant
 12396 | Orc:3    | Killed a stone giant
 12396 | Orc:3    | Reached skill level 14 in Axes
 12709 | Orc:4    | Entered Level 4 of the Orcish Mines
 12717 | Orc:4    | Reached XP level 13. HP: 86/86 MP: 13/13
 13116 | D:12     | Found Unuyk's Armour Boutique.
 13119 | D:12     | Bought the +8 chain mail "Caess" {-Cast rC+ Str+6} for 897 gold pieces
 13653 | D:12     | Reached skill level 10 in Dodging
 13880 | D:11     | Bought a +3 ring of slaying for 495 gold pieces
 13880 | D:11     | Bought an uncursed amulet of faith for 440 gold pieces
 13955 | Lair:1   | Entered Level 1 of the Lair of Beasts
 13994 | Lair:1   | Reached skill level 15 in Axes
 14588 | Lair:1   | Noticed Urug
 14605 | Lair:1   | Killed Urug
 15207 | Lair:2   | Got a steaming large shield
 15218 | Lair:2   | Identified the +8 large shield of Ru {rElec rN+ MR+ Int-2} (You found it on level 2 of the Lair of Beasts)
 15726 | Lair:2   | Reached XP level 14. HP: 70/93 MP: 14/14
 16039 | Lair:3   | Found a labyrinth entrance.
 16047 | Lab      | Entered a labyrinth
 16599 | Lair:3   | Found a staircase to the Snake Pit.
 16775 | Lair:3   | Reached skill level 16 in Axes
 17343 | Lair:4   | Noticed Sonja
 17373 | Lair:4   | Killed Sonja
 17873 | Lair:4   | Identified a scroll of acquirement
 18562 | Lair:5   | Reached skill level 5 in Armour
 18615 | Lair:5   | Learned a level 1 spell: Apportation
 18618 | Lair:5   | Learned a level 2 spell: Stoneskin
 18628 | Lair:5   | Learned a level 9 spell: Shatter
 18976 | Lair:6   | Found a staircase to the Shoals.
 19336 | Lair:6   | Found a staircase to the Slime Pits.
 19406 | Lair:6   | HP: 1/93 [six-headed hydra (4)]
 19407 | Lair:6   | Slain by a six-headed hydra

Action                   |  1- 3 |  4- 6 |  7- 9 | 10-12 | 13-15 || total
-------------------------+-------+-------+-------+-------+-------++-------
Melee: War axe           |    84 |   203 |   394 |       |       ||   681
       Battleaxe         |       |       |   134 |   791 |   528 ||  1453
       Flail             |       |       |       |       |    55 ||    55
       Executioner's axe |       |       |       |       |   155 ||   155
Invok: Call Merchant     |       |       |     1 |     2 |       ||     3
       Potion Petition   |       |       |       |     1 |       ||     1
 Abil: Dig               |       |       |     2 |     5 |     4 ||    11
       Shaft Self        |       |       |       |     1 |       ||     1
  Use: Scroll            |       |     2 |    12 |    14 |    15 ||    43
       Potion            |       |       |     2 |     3 |     2 ||     7
 Stab: Distracted        |       |       |     4 |     8 |     8 ||    20
  Eat: Chunk             |       |     6 |       |       |       ||     6
       Fruit             |       |       |     2 |     3 |     4 ||     9
       Bread ration      |       |       |     4 |     2 |     2 ||     8
       Beef jerky        |       |       |       |     8 |     5 ||    13
       Royal jelly       |       |       |       |     2 |     2 ||     4
       Pizza             |       |       |       |     1 |     1 ||     2
